 Dungeon Crawl Stone Soup version 0.23.2-1-ga50397a (webtiles) character file.

Game seed: 13216551780369427095

513 Fang the Skirmisher (level 7, -6/44 HPs)
             Began as a Gargoyle Berserker on May 10, 2019.
             Was a Believer of Trog.
             Mangled by a gnoll
             ... wielding a +0 flail
              (9 damage)
             ... on level 4 of the Dungeon.
             The game lasted 00:07:35 (2751 turns).

Fang the Skirmisher (Gargoyle Berserker)            Turns: 2751, Time: 00:07:36

Health: -6/44      AC:  7    Str: 23    XL:     7   Next: 20%
Magic:  7/7        EV: 13    Int:  7    God:    Trog [**....]
Gold:   152        SH:  0    Dex:  9    Spells: 6/6 levels left

rFire    . . .     SeeInvis .   a - +0 hand axe
rCold    . . .     Gourm    .   (no shield)
rNeg     + . .     Faith    .   b - +0 animal skin
rPois    ∞         Spirit   .   (no helmet)
rElec    +         Reflect  .   (no cloak)
rCorr    .         Harm     .   (no gloves)
MR       .....                  (no boots)
Stlth    +.........             (no amulet)
HPRegen  0.14/turn              (no ring)
MPRegen  0.10/turn              (no ring)

@: berserk cooldown, slowed, very slow
A: negative energy resistance 1, electricity resistance, unbreathing,
petrification resistance, rot immunity, AC +4
a: Berserk, Trog's Hand, Renounce Religion


You were on level 4 of the Dungeon.
You worshipped Trog.
Trog was pleased with you.
You were not hungry.

You visited 1 branch of the dungeon, and saw 4 of its levels.

You collected 152 gold pieces.

Inventory:

Hand Weapons
 a - a +0 hand axe (weapon)
Armour
 b - a +0 animal skin (worn)
Wands
 m - a wand of digging (3)
Scrolls
 f - 2 scrolls of enchant weapon {unknown}
 g - 5 scrolls of identify {unknown}
 h - 2 scrolls of teleportation {unknown}
 j - a scroll of immolation {unknown}
 n - a scroll of enchant armour {unknown}
 o - a scroll of random uselessness {unknown}
 r - 2 scrolls of remove curse {unknown}
Potions
 e - 2 potions of curing {unknown}
 i - a potion of brilliance {unknown}
 k - a potion of ambrosia {unknown}
 l - 2 potions of heal wounds {unknown}
 p - a potion of lignification {unknown}
 q - 2 potions of degeneration {unknown}
 s - a potion of resistance {unknown}
Comestibles
 c - 6 rations
 d - 5 chunks of flesh


   Skills:
 + Level 5.1 Fighting
 + Level 4.3 Axes
 + Level 4.5 Armour
 + Level 3.3 Dodging


You had 6 spell levels left.
You didn't know any spells.
Your spell library was empty.

Dungeon Overview and Level Annotations

Branches:
Dungeon (4/15)
 Temple: D:4-7

Altars:
Dithmenos
Gozag
Okawaru
Ru
Sif Muna


Innate Abilities, Weirdness & Mutations

You are resistant to torment.
Your stone body is resilient. (AC +4)
You are immune to poison.
You resist negative energy. (rN+)
You are resistant to electric shocks. (rElec)
You can survive without breathing.
You are immune to petrification.
You are immune to rotting.


Message History

You barely miss the gnoll. The gnoll closely misses you. x2
The gnoll barely misses you. The gnoll hits you but does no damage.
You barely miss the gnoll.
The gnoll is moderately wounded.
You barely miss the gnoll. The gnoll completely misses you.
The gnoll barely misses you.
You slash the gnoll!
You kill the gnoll!
Trog accepts your kill.
You miss the jackal. You closely miss the gnoll.
The jackal barely misses you. x2
The gnoll hits you but does no damage. The gnoll hits you with a +0 flail!
* * * LOW HITPOINT WARNING * * *
The jackal closely misses you.
Things that are here:
a +0 flail; a gnoll corpse You completely miss the jackal.
You hit the gnoll but do no damage. The gnoll completely misses you.
The jackal barely misses you. The jackal closely misses you.
The gnoll hits you with a +0 flail!
You die...

.#...#.##
##........
#.....#.#
#.#######
#.≈≈≈.#.# #.#
#≈...≈#.# #.#
#≈._.≈#.####)#
#≈...≈#......#
#.≈≈≈.#.######
#.gh..#.#
#.#.@.#..#
#.#.#÷#.#
#.%#.##.#
#.......#
...#######
####


You could see a gnoll and a jackal.

Vanquished Creatures
  Grinder (D:4)
  A howler monkey (D:4)
  Terence (D:2)
  3 worker ants (D:4)
  2 gnolls (D:4)
  6 adders
  A shadow imp (D:2)
  4 oozes
  2 worms
  6 orcs
  A ball python (D:1)
  5 giant cockroaches
  9 goblins
  5 hobgoblins
  4 jackals
  14 kobolds
  3 quokkas
  6 bats
  2 frilled lizards
  A quokka skeleton (D:4)
  5 rats
82 creatures vanquished.

Notes
Turn   | Place    | Note
-------+----------+-------------------------------------------
     0 | D:1      | Fang the Gargoyle Berserker began the quest for the Orb.
     0 | D:1      | Reached XP level 1. HP: 14/14 MP: 1/1
    86 | D:1      | Reached XP level 2. HP: 10/19 MP: 2/2
   234 | D:1      | Reached XP level 3. HP: 17/23 MP: 3/3
   283 | D:1      | Reached ** piety under Trog
   841 | D:2      | Noticed Terence
   859 | D:2      | Killed Terence
   859 | D:2      | Reached XP level 4. HP: 21/29 MP: 4/4
   993 | D:2      | Reached skill level 4 in Fighting
  1057 | D:2      | Found a deep blue altar of Sif Muna.
  1089 | D:2      | Found an iron altar of Okawaru.
  1191 | D:2      | Found a shadowy altar of Dithmenos.
  1402 | D:3      | Found a sacrificial altar of Ru.
  1447 | D:3      | Reached XP level 5. HP: 22/33 MP: 5/5
  1791 | D:3      | Found an opulent altar of Gozag.
  2246 | D:4      | Noticed Grinder
  2254 | D:4      | Killed Grinder
  2254 | D:4      | Reached XP level 6. HP: 27/40 MP: 6/6
  2707 | D:4      | Reached skill level 5 in Fighting
  2707 | D:4      | Reached XP level 7. HP: 39/44 MP: 7/7
  2721 | D:4      | Found a sacrificial altar of Ru.
  2750 | D:4      | HP: 2/44 [gnoll/+0 flail (9)]
  2751 | D:4      | Mangled by a gnoll

Skill      XL: |  1  2  3  4  5  6 |
---------------+-------------------+-----
Axes           | 3 4 |  4.3
Dodging        | 2 3 |  3.3
Armour         | 3 4 |  4.5
Fighting       | 4 5 |  5.1

Action                   |  1- 3 |  4- 6 |  7- 9 || total
-------------------------+-------+-------+-------++-------
Melee: Hand axe          |   104 |   196 |    20 ||   320
Invok: Berserk           |     3 |     1 |     1 ||     5
 Stab: Sleeping          |       |     1 |       ||     1
  Eat: Chunk             |     2 |     5 |     1 ||     8
       Ration            |       |     1 |       ||     1
Armor: Animal skin       |    40 |    51 |    10 ||   101
Dodge: Dodged            |    93 |   146 |    29 ||   268
